 Dungeon Sprint DCSS version 0.24.0-125-gc4c63601f3 (webtiles) character file.

Game seed: 6221959156405405325, levelgen mode: deterministic

173 Groucho the Unseen (level 5, -15/37 HPs)
             Began as a Felid Berserker on Mar 18, 2020.
             Was a Priest of Trog.
             Demolished by a lorocyproca (30 damage)
             ... in the Dungeon (Sprint I: "Red Sonja").
             The game lasted 00:02:12 (642 turns).

Groucho the Unseen (Felid Berserker)                 Turns: 642, Time: 00:02:12

Health: -15/37     AC:  2    Str: 18    XL:     5   Next: 28%
Magic:  6/6        EV: 21    Int:  8    God:    Trog [***...]
Gold:   439        SH:  0    Dex: 18    Spells: 4/4 levels left
                                        Lives:  0   Deaths: 2

rFire    . . .     SeeInvis +     - Unarmed
rCold    . . .     Gourm    .   (shield unavailable)
rNeg     . . .     Faith    .   (armour unavailable)
rPois    .         Spirit   .   (helmet unavailable)
rElec    .         Reflect  .   (cloak unavailable)
rCorr    .         Harm     .   (gloves unavailable)
MR       .....     NoTele   +   (boots unavailable)
Stlth    ..........             (no amulet)
HPRegen  0.12/turn              (no ring)
MPRegen  0.10/turn              (no ring)

@: berserking, very quick
A: very small, no armour, no weapons or thrown items, stealth, claws 1, fangs 3,
see invisible, carnivore, speed 1, shaggy fur 2, slow metabolism 1, sharp paws
a: Berserk, Trog's Hand, Renounce Religion


You were in the Dungeon.
You worshipped Trog.
Trog was most pleased with you.
You were not hungry.

You visited 1 branch You collected 439 gold pieces.

Inventory:

Potions
 b - a potion of curing
 e - 2 potions of magic
 f - a potion of berserk rage
Comestibles
 a - a ration


   Skills:
 + Level 4.2 Fighting
 + Level 5.7 Dodging
 + Level 19.1 Stealth
 + Level 4.2 Unarmed Combat


You had 4 spell levels left.
You didn't know any spells.
Your spell library was empty.

Dungeon Overview and Level Annotations

Branches:
Dungeon (1/1)

Altars:
Cheibriados
Dithmenos
Elyvilon
Fedhas
Gozag
Hepliaklqana
Kikubaaqudgha
Makhleb
Nemelex Xobeh
Okawaru
Qazlal
Ru
Sif Muna
Trog
Uskayaw
Vehumet
Wu Jian
Xom
Yredelemnul
Zin
The Shining One
Jiyva
Lugonu

Shops:
D *


Innate Abilities, Weirdness & Mutations

You cannot wear armour.
You are incapable of wielding weapons or throwing items.
Your paws allow you to move quietly. (Stealth)
You have sharp claws.
You have razor-sharp teeth.
You have supernaturally acute eyesight. (SInv)
You are carnivorous and can eat meat at any time.
You cover ground quickly.
You are covered in thick fur. (AC +2)
You have a slow metabolism.
Your sharp claws are effective at attacking unaware monsters.


Message History

You are too injured to fight recklessly!
You are too injured to fight recklessly!
You mangle the lorocyproca!!
The lorocyproca is moderately wounded.
The lorocyproca barely misses you.
You barely miss the lorocyproca. Your bite misses the lorocyproca.
The lorocyproca is moderately wounded.
The lorocyproca barely misses you.
You scratch the lorocyproca.
The lorocyproca is moderately wounded.
You closely miss the lorocyproca. Your bite misses the lorocyproca.
The lorocyproca is moderately wounded.
The lorocyproca closely misses you.
You claw the lorocyproca! Your bite misses the lorocyproca.
The lorocyproca is heavily wounded.
You claw the lorocyproca!
The lorocyproca is heavily wounded.
The lorocyproca hits you!!
Ouch! That really hurt!
You die... ####### #### #__#..+ #s[# '..'..# ##s# ### #__#### ss#

#@###
####§§#
#..+
#2#$###
#§≈≈§c#
#+##
#^.$#y#
'§≈§†§+
#..$###
#≈§≈§c#
+..$$$#
##+####
#^....#
#
###++##
#


You could see a lorocyproca (invisible).

Vanquished Creatures
  A slime creature (D)
  Sigmund (D)
  A yak (D)
  An ogre (D)
  A jelly (D)
  Ijyb (D)
6 creatures vanquished.

Vanquished Creatures (others)
  A gargoyle (D)
1 creature vanquished.

Grand Total: 7 creatures vanquished

Notes
Turn   | Place    | Note
-------+----------+-------------------------------------------
     0 | D        | Groucho the Felid Berserker began the quest for the Orb.
     0 | D        | Reached XP level 1. HP: 10/10 MP: 2/2
     2 | D        | Noticed Ijyb
    10 | D        | Killed Ijyb
    10 | D        | Reached skill level 8 in Stealth
    10 | D        | Reached XP level 2. HP: 14/14 MP: 3/3
   209 | D        | Noticed an ogre
   213 | D        | Killed an ogre
   213 | D        | Reached skill level 12 in Stealth
   213 | D        | Reached XP level 3. HP: 17/17 MP: 4/4
   213 | D        | Reached XP level 4. HP: 21/21 MP: 5/5
   234 | D        | Noticed Sigmund
   236 | D        | Killed Sigmund
   236 | D        | Reached ** piety under Trog
   236 | D        | Reached skill level 16 in Stealth
   236 | D        | Reached XP level 5. HP: 24/24 MP: 6/6
   236 | D        | Gained mutation: You are covered in thick fur. (AC +2)
                  | [Felid growth]
   236 | D        | Reached XP level 6. HP: 28/28 MP: 7/7
   252 | D        | Found a shimmering blue altar of Sif Muna.
   253 | D        | Found an ornate altar of the Wu Jian Council.
   254 | D        | Found a radiant altar of Vehumet.
   545 | D        | Found Nifeumug's Assorted Antiques.
   545 | D        | Found an ancient bone altar of Kikubaaqudgha.
   545 | D        | Found a hazy altar of Hepliaklqana.
   545 | D        | Found a stormy altar of Qazlal.
   545 | D        | Found a hide-covered altar of Uskayaw.
   545 | D        | Found a blossoming altar of Fedhas.
   545 | D        | Found a bloodstained altar of Trog.
   545 | D        | Found an iron altar of Okawaru.
   545 | D        | Found a basalt altar of Yredelemnul.
   545 | D        | Found a glowing golden altar of the Shining One.
   545 | D        | Found a snail-covered altar of Cheibriados.
   545 | D        | Found a sacrificial altar of Ru.
   545 | D        | Found a glowing silver altar of Zin.
   545 | D        | Found a shadowy altar of Dithmenos.
   545 | D        | Found a white marble altar of Elyvilon.
   545 | D        | Noticed a yak
   546 | D        | Found an opulent altar of Gozag.
   547 | D        | Killed a yak
   547 | D        | Reached skill level 18 in Stealth
   548 | D        | Found a sparkling altar of Nemelex Xobeh.
   561 | D        | Killed a gargoyle
   588 | D        | Found a burning altar of Makhleb.
   588 | D        | Found a shimmering altar of Xom.
   588 | D        | Noticed a slime creature
   589 | D        | Found a viscous altar of Jiyva.
   589 | D        | Found a corrupted altar of Lugonu.
   591 | D        | Killed a slime creature
   591 | D        | Reached *** piety under Trog
   591 | D        | Reached skill level 5 in Dodging
   591 | D        | Reached skill level 19 in Stealth
   591 | D        | Reached XP level 7. HP: 32/32 MP: 8/8
   612 | D        | Noticed a centaur warrior
   612 | D        | Noticed a centaur warrior
   617 | D        | Slain by a centaur warrior
   618 | D        | Reached XP level 6. HP: 0/42 MP: 7/7
   621 | D        | Noticed a demonic crawler
   621 | D        | Noticed a demonic crawler
   621 | D        | Noticed a demonic crawler
   621 | D        | Noticed a demonic crawler
   628 | D        | Slain by a demonic crawler
   629 | D        | Reached XP level 5. HP: -3/37 MP: 6/6
   629 | D        | Noticed a lorocyproca
   630 | D        | Noticed a meliai
   642 | D        | Demolished by a lorocyproca

Levels and vault maps discovered:
D:        dungeon_sprint_1 [red_sonja_temple_1, red_sonja_temple_small_1]

Skill      XL: |  1  2  3  4  5  6 |
---------------+-------------------+-----
Stealth        | 8 12 16 19 | 19.1
Fighting       | 4 |  4.2
Dodging        | 5 |  5.7
Unarmed Combat | 4 |  4.2

Action                   |  1- 3 |  4- 6 |  7- 9 || total
-------------------------+-------+-------+-------++-------
Melee: Unarmed           |     9 |    16 |     1 ||    26
       Punch             |     1 |       |       ||     1
       Bite              |       |     2 |     1 ||     3
Invok: Berserk           |     1 |     3 |     1 ||     5
       Trog's Hand       |       |       |     1 ||     1
  Use: Potion            |       |       |     2 ||     2
       Scroll            |       |       |     1 ||     1
 Stab: Sleeping          |     1 |     3 |       ||     4
  Eat: Chunk             |       |     7 |       ||     7
Armor: Skin              |       |     1 |     1 ||     2
Dodge: Dodged            |     5 |    29 |     8 ||    42
